 Dungeon Crawl Stone Soup version 0.25.0-8-gfd19cd77bd (webtiles) character file.

Game seed: 189226239653271689

2205 manfred the Cleaver (level 9, -4/81 HPs)
             Began as a Deep Dwarf Fighter on June 16, 2020.
             Was an Initiate of Makhleb.
             Killed from afar by an orc wizard (7 damage)
             ... with a puff of frost
             ... on level 7 of the Dungeon.
             The game lasted 00:10:50 (5935 turns).

manfred the Cleaver (Deep Dwarf Fighter)            Turns: 5935, Time: 00:10:50

Health: -4/81      AC: 13    Str: 19    XL:     9   Next: 12%
Magic:  7/7        EV:  9    Int: 10    God:    Makhleb [......]
Gold:   182        SH: 10    Dex: 15    Spells: 8/8 levels left

rFire    . . .     SeeInvis .   a - +0 war axe
rCold    . . .     Gourm    .   c - +0 kite shield
rNeg     . . .     Faith    .   B - +3 scale mail
rPois    .         Spirit   .   (no helmet)
rElec    .         Reflect  .   m - +0 cloak
rCorr    .         Harm     .   (no gloves)
MR       ++...                  E - +0 pair of boots
Stlth    ++........             (no amulet)
HPRegen  0.00/turn              h - ring of stealth
MPRegen  0.10/turn              i - ring of protection from magic

@: non-regenerating, lightly drained
A: damage resistance, heal wounds, sense surroundings 2, no regeneration
a: Heal Wounds, Renounce Religion


You were on level 7 of the Dungeon.
You worshipped Makhleb.
Makhleb was noncommittal.
You were not hungry.

You visited 1 branch of the dungeon, and saw 7 of its levels.
You also visited: Ossuary.

You collected 352 gold pieces.
You spent 170 gold pieces at shops.

Inventory:

Hand Weapons
 a - a +0 war axe (weapon)
Armour
 c - a +0 kite shield (worn)
 m - a +0 cloak (worn)
 B - a +3 scale mail (worn)
 E - a +0 pair of boots (worn)
Jewellery
 b - a cursed ring of attention {unknown}
 h - a ring of stealth (left hand)
 i - a ring of protection from magic (right hand)
 n - an uncursed ring of stealth
 p - a +6 ring of strength {unknown}
 q - an uncursed ring of protection from magic
 u - a cursed amulet of inaccuracy {unknown}
 z - an uncursed amulet of reflection {unknown}
 F - an uncursed ring of protection from magic
Wands
 H - a wand of flame (23)
Scrolls
 j - 3 scrolls of random uselessness {unknown}
 k - 4 scrolls of teleportation
 l - a scroll of fog {unknown}
 r - 13 scrolls of identify
 s - 3 scrolls of magic mapping {unknown}
 t - a scroll of enchant weapon {unknown}
 v - a scroll of immolation {unknown}
 w - 2 scrolls of remove curse {unknown}
 x - a scroll of noise {unknown}
 y - a scroll of amnesia {unknown}
 D - a scroll of blinking {unknown}
Potions
 d - 2 potions of might
 e - 2 potions of haste
 g - a potion of magic
 o - a potion of stabbing
 A - 2 potions of resistance
 C - a potion of brilliance
Comestibles
 f - 6 rations


   Skills:
 + Level 5.0(4.9) Fighting
 + Level 9.3(9.2) Axes
 + Level 5.7(5.6) Armour
 + Level 2.9 Dodging
 + Level 3.8(3.7) Stealth
 + Level 5.8 Shields


You had 8 spell levels left.
You didn't know any spells.
Your spell library contained the following spells:

 Spells                   Type           Power        Failure   Level  Hunger
 Animate Skeleton         Necr           N/A          98%         1    ##.....
 Apportation              Tloc           #.....       98%         1    ##.....
 Corona                   Hex            #......      98%         1    ##.....
 Magic Dart               Conj           #...         98%         1    ##.....
 Shock                    Conj/Air       #...         98%         1    ##.....
 Summon Small Mammal      Summ           #...         98%         1    ##.....
 Blink                    Tloc           N/A          99%         2    ###....
 Call Imp                 Summ           #.......     99%         2    ###....
 Slow                     Hex            #.......     99%         2    ###....
 Swiftness                Chrm/Air       #.......     99%         2    ###....
 Conjure Flame            Conj/Fire      #.......     100%        3    ####...
 Inner Flame              Hex/Fire       #.......     100%        3    ####...
 Mephitic Cloud           Conj/Pois/Air  #.......     100%        3    ####...
 Portal Projectile        Hex/Tloc       #.....       100%        3    ####...
 Static Discharge         Conj/Air       #.......     100%        3    ####...
 Airstrike                Air            #.........   100%        4    #####..
 Cause Fear               Hex            #.........   100%        4    #####..
 Leda's Liquefaction      Hex/Erth       #.........   100%        4    #####..
 Lightning Bolt           Conj/Air       #.........   100%        5    ######.


Dungeon Overview and Level Annotations

Branches:
Dungeon (7/15)            Ossuary (visited)
 Temple: D:4-7

Altars:
Hepliaklqana
Makhleb
Trog
Zin

Shops:
D:4 *   D:5 (


Innate Abilities, Weirdness & Mutations

You are resistant to damage.
You can heal yourself by infusing magical energy.
You passively map the area around you.
You do not regenerate.


Message History

Something hits you but does no damage.
You miss something.
An orc comes into view.
You hear some strange, mumbled words.
A puff of flame appears from out of thin air!
You block the puff of flame. You block the gnoll's attack.
The orc moves out of view.
You hit something.
Something hits you but does no damage. x2
The gnoll hits you but does no damage.
You miss something. You block the gnoll's attack. You block something's attack.
You hit something but do no damage.
You hear some strange, mumbled words.
A magic dart appears from out of thin air!
The magic dart hits you but does no damage.
You block the gnoll's attack.
You miss something.
You hear some strange, mumbled words.
A puff of frost appears from out of thin air!
The puff of frost hits you!
You die...

#.# #####..# #.#
#####.o###### *
#.........zo....# , ,
###########z##### #o#
* , , , #o# * * * , *
## #g# * #####.####
#{# * #........# #@#
#.#....$.####)#####..
*
#.....>).............
*.#....%)##.....###..
* ##...#.###...## * *
, *, ##.##.# ##.## *
, ........# #.# ***
.######## #.# * * #'#
* ,


You could see 2 wights, a gnoll and 4 orcs.

Vanquished Creatures
  A wraith (Ossuary)
  2 ice beasts
  An orc warrior (D:7)
  2 eyes of draining (D:3)
  3 ogres
  3 elf zombies (D:4)
  An elf skeleton (D:4)
  3 scorpions
  A centaur zombie (D:5)
  A quasit (D:7)
  Crazy Yiuf (D:2)
  4 crimson imps
  5 hounds
  A jelly (D:6)
  3 orc wizards (D:4)
  7 worker ants
  A hound skeleton (D:5)
  A mummy (Ossuary)
  A howler monkey zombie (D:6)
  2 adders
  7 gnolls
  A howler monkey skeleton (D:4)
  A shadow imp (D:6)
  An ooze (D:4)
  3 adder skeletons
  4 worms
  A dart slug (D:1)
  7 leopard geckos
  6 orcs
  6 giant cockroaches
  11 goblins
  6 hobgoblins
  9 jackals
  9 kobolds
  2 quokkas
  7 bats
  4 frilled lizards
  5 gnoll skeletons (Ossuary)
  8 kobold skeletons (Ossuary)
  A leopard gecko zombie (D:5)
  13 orc skeletons
  An orc zombie (D:4)
  4 rats
161 creatures vanquished.

Notes
Turn   | Place    | Note
-------+----------+-------------------------------------------
     0 | D:1      | manfred the Deep Dwarf Fighter began the quest for the Orb.
     0 | D:1      | Reached XP level 1. HP: 20/20 MP: 1/1
    80 | D:1      | Reached XP level 2. HP: 27/27 MP: 2/2
   587 | D:1      | Reached XP level 3. HP: 19/34 MP: 3/3
  1109 | D:2      | Found a hazy altar of Hepliaklqana.
  1308 | D:2      | Found a runed translucent door.
  1309 | D:2      | Noticed Crazy Yiuf
  1647 | D:2      | Reached skill level 3 in Axes
  1762 | D:2      | Killed Crazy Yiuf
  1762 | D:2      | Reached XP level 4. HP: 17/42 MP: 4/4
  1837 | D:3      | Reached skill level 1 in Stealth
  2211 | D:3      | Reached XP level 5. HP: 28/49 MP: 5/5
  2364 | D:3      | Found a bloodstained altar of Trog.
  2364 | D:3      | Noticed an eye of draining
  2364 | D:3      | Noticed an eye of draining
  2416 | D:3      | Killed an eye of draining
  2416 | D:3      | Reached skill level 4 in Axes
  2416 | D:3      | Reached skill level 1 in Dodging
  2482 | D:3      | Killed an eye of draining
  2482 | D:3      | Reached XP level 6. HP: 25/56 MP: 1/6
  2664 | D:4      | Reached skill level 5 in Axes
  2863 | D:4      | Found a glowing silver altar of Zin.
  2912 | D:4      | Reached XP level 7. HP: 62/62 MP: 6/6
  3145 | D:4      | Found Rumam's Assorted Antiques.
  3151 | D:4      | Bought a potion of heal wounds for 170 gold pieces
  3252 | D:4      | Reached skill level 6 in Axes
  3259 | D:4      | Found a sand-covered staircase.
  3282 | Ossuary  | Entered an ossuary
  3282 | Ossuary  | Noticed a wraith
  3282 | Ossuary  | Noticed a wraith
  3282 | Ossuary  | Noticed a wraith
  3321 | Ossuary  | Noticed a wraith
  3342 | Ossuary  | Killed a wraith
  3497 | D:4      | Reached skill level 7 in Axes
  3497 | D:4      | Reached skill level 5 in Shields
  3530 | D:4      | Reached XP level 8. HP: 56/72 MP: 7/7
  3842 | D:5      | Entered Level 5 of the Dungeon
  3972 | D:5      | Found Waeczedy's Antique Weapon Shoppe.
  4222 | D:5      | Reached skill level 8 in Axes
  4222 | D:5      | Reached skill level 5 in Armour
  4683 | D:6      | Found a burning altar of Makhleb.
  4701 | D:6      | Became a worshipper of Makhleb the Destroyer
  5380 | D:6      | Reached skill level 9 in Axes
  5850 | D:7      | Gained mutation: You passively map the area around you.
                  | [Deep Dwarf growth]
  5850 | D:7      | Reached XP level 9. HP: 22/80 MP: 8/8
  5881 | D:7      | HP: 2/80 [orc warrior/+0 short sword (12)]
  5925 | D:7      | Reached skill level 5 in Fighting
  5930 | D:7      | HP: 3/81 [gnoll/+0 halberd (7)]
  5935 | D:7      | Killed from afar by an orc wizard

Illustrated notes

Levels and vault maps discovered:
D:1:      lemuel_arrival_lava_pool, layout_basic, minmay_misc_feat_rows
D:2:      layout_rooms, lemuel_doored_altar, serial_co_window_serial,
          co_window_cross_1, co_window_paths_b, co_window_corner_a,
          co_window_cross_1, co_window_corner_a, co_window_cross_4,
          co_window_corner_b, co_window_corner_b, co_window_cross_3,
          co_window_2corner, glass_columns_a, glass_columns_a, glass_columns_a,
          uniq_crazy_yiuf_cottage
D:3:      layout_loops_ring, trog_eyes_of_draining, first_ration
D:4:      layout_loops_corners, zin_statuary, serial_shops, shop,
          nicolae_ossuary_entry_catacombs, minmay_misc_feat_diagonals
D:5:      layout_loops_ring, serial_shops, nicolae_shop_window_shopping,
          minmay_bent
D:6:      layout_loops_ring, serial_co_window_serial, co_window_paths_a,
          co_window_paths_a, co_window_corner_a, co_window_of_opportunity_a,
          co_window_corner_a, co_window_paths_a, co_window_corner_a,
          co_window_paths_a, co_window_paths_a, co_window_of_opportunity_c,
          co_window_corner_b, co_window_corner_cb, co_window_4corner_a,
          co_window_paths_e, glass_columns_b, basic_altar
D:7:      layout_loops_corners, kennysheep_mini_moat,
          minmay_temple_entry_crystal_x, grunt_ogre_cave, amethyst_killhole,
          uniq_joseph, uniq_prince_ribbit1

Skill      XL: |  1  2  3  4  5  6  7  8  9 |
---------------+----------------------------+-----
Fighting       | 3 4 5 |  5.0
Axes           | 3 4 5 7 9 |  9.3
Shields        | 4 5 |  5.8
Stealth        | 1 2 3 |  3.8
Armour         | 4 5 |  5.7
Dodging        | 1 2 |  2.9

Action                   |  1- 3 |  4- 6 |  7- 9 || total
-------------------------+-------+-------+-------++-------
Melee: War axe           |   174 |   119 |   357 ||   650
 Abil: Heal Wounds       |       |     2 |     5 ||     7
  Use: Potion            |     6 |     3 |     9 ||    18
       Scroll            |       |       |     2 ||     2
 Stab: Sleeping          |     1 |     4 |     6 ||    11
  Eat: Chunk             |     3 |     4 |     4 ||    11
       Ration            |       |       |     2 ||     2
Armor: Scale mail        |    86 |    52 |   110 ||   248
Dodge: Dodged            |    47 |    25 |    95 ||   167
Block: Kite shield       |    94 |    50 |   153 ||   297
